 Dungeon Crawl Stone Soup version 0.29.1-12-g30fa7ad0bf (webtiles) character file.

Game seed: 14290178427461336052

1560 xzight the Ruffian (level 8, -2/79 HPs)
             Began as a Troll Fighter on Dec 27, 2022.
             Slain by a killer bee (3 damage)
             ... on level 6 of the Dungeon.
             The game lasted 00:07:17 (4285 turns).

xzight the Ruffian (Troll Fighter)                  Turns: 4285, Time: 00:07:17

Health: -2/79      AC:  7    Str: 27    XL:     8   Next: 58%
Magic:  7/7        EV:  8    Int: 10    God:
Gold:   237        SH:  8    Dex:  9    Spells: 7/7 levels left

rFire   . . .      SeeInvis .     - Unarmed
rCold   . . .      Faith    .   b - +0 kite shield
rNeg    . . .      Spirit   .   p - +2 robe {Will+}
rPois   .          Reflect  .   (helmet restricted)
rElec   .          Harm     .   s - +0 cloak
rCorr   .          Rampage  .   (gloves unavailable)
Will    +....                   (boots unavailable)
Stlth   +.........              (no amulet)
HPRegen 1.03/turn               I - +6 ring of intelligence
MPRegen 0.10/turn               (no ring)

@: mighty, lethally poisoned (-2 -> -3)
A: large, unfitting armour, claws 3, regeneration 1, shaggy fur 1, tough skin 1
a: no special abilities


You were on level 6 of the Dungeon.
You visited 1 branch of the dungeon, and saw 6 of its levels.

You collected 237 gold pieces.


Innate Abilities, Weirdness & Mutations

You are too large for most types of armour.
You have claws for hands.
Your natural rate of healing is unusually fast.
You are covered in fur. (AC +1)
You have tough skin. (AC +1)


   Skills:
 + Level 4.7 Fighting
 + Level 4.2 Throwing
 - Level 2.4 Dodging
 + Level 5.1 Shields
 * Level 7.1 Unarmed Combat


You had 7 spell levels left.
You didn't know any spells.
Your spell library was empty.

Inventory:

Missiles
 o - 5 large rocks (quivered) {=f}
Armour
 b - a +0 kite shield (worn)
 p - a +2 robe of willpower (worn)
 s - a +0 cloak (worn)
Jewellery
 C - an amulet of magic regeneration
 I - a +6 ring of intelligence (left claw)
Wands
 n - a wand of polymorph (15)
 A - a wand of paralysis (9)
Scrolls
 d - 2 scrolls of blinking
 e - a scroll of summoning {unknown}
 h - 2 scrolls of magic mapping
 l - 2 scrolls of vulnerability {unknown}
 r - a scroll of noise {unknown}
 t - 2 scrolls of teleportation {@r2}
 u - 3 scrolls of identify {@r1}
 v - a scroll of enchant armour {unknown}
 y - a scroll of amnesia {unknown}
 B - a scroll of torment {unknown}
Potions
 a - a potion of heal wounds {unknown}
 c - 2 potions of might
 f - 3 potions of invisibility
 g - a potion of brilliance
 i - 2 potions of flight
 j - a potion of lignification {unknown}
 m - a potion of haste {unknown}
 q - a potion of resistance {unknown}
 w - a potion of mutation {unknown}
 x - a potion of magic {unknown}
 z - a potion of cancellation

Dungeon Overview and Level Annotations

Branches:
Dungeon (6/15)
 Temple: D:4-7

Altars:
Cheibriados
Elyvilon
Nemelex Xobeh
Sif Muna
Vehumet
Wu Jian

Annotations:
D:3 1 runed translucent door, Crazy Yiuf

#.# #.#.. ##.# #.# #.#.# # ##
#... #.# #.#.# ..... ##.# #[#
####.#.#### #.#'## #.# #.#
#.........# #....## #.# #.#
#.##.#.##.####.....## #.# #.#
#.#.................## #..
#)#####..#....#.##.........####..
..)..........†..@y.........'.....
..#####.......#.##....)....####..
### #..#...##.###.......# #..
#.........# ##....[## #.#
###.####### ##...## #.# #.# ##'##
#y# #.# .#


#yyy #.# .# #... #. .# #... You could see a killer bee.


Message History

Okay, then.
You barely miss the killer bee.
The killer bee is severely wounded.
The killer bee stings you!
* * * LOW HITPOINT WARNING * * *
The killer bee stings you.
* * * LOW HITPOINT WARNING * * *
You are lethally poisoned!
The killer bee poisons you!
Unknown command.
Unknown command.
Unknown command.
Unknown command.
Unknown command.
Unknown command.
Unknown command.
You feel very mighty all of a sudden.
* * * LOW HITPOINT WARNING * * *
You feel sick.
The killer bee stings you but does no damage.
The killer bee barely misses you.
You barely miss the killer bee.
The killer bee is severely wounded.
* * * LOW HITPOINT WARNING * * *
You feel sick. You block the killer bee's attack. x2
You closely miss the killer bee.
The killer bee is severely wounded.
* * * LOW HITPOINT WARNING * * *
You feel sick. The killer bee completely misses you. The killer bee stings you.
You die...

Skill      XL: |  1  2  3  4  5  6  7  8 |
---------------+-------------------------+-----
Shields        | 3 4 5 |  5.1
Throwing       | 1 2 3 4 |  4.2
Unarmed Combat | 3 4 5 6 7 |  7.1
Fighting       | 3 4 |  4.7
Dodging        | |  2.4

Action                   |  1- 3 |  4- 6 |  7- 9 || total
-------------------------+-------+-------+-------++-------
Melee: Unarmed           |   105 |   129 |   159 ||   393
Throw: Large rock        |       |     1 |     6 ||     7
  Use: Scroll            |       |       |     4 ||     4
       Potion            |       |       |     8 ||     8
 Stab: Sleeping          |       |     1 |       ||     1
Armor: Robe              |    29 |    38 |    63 ||   130
Dodge: Dodged            |    27 |    40 |    82 ||   149
Block: Kite shield       |    41 |    35 |    67 ||   143

Levels and vault maps discovered:
D:1:      dpeg_arrival_another_circle, layout_basic, minivault_27
D:2:      layout_loops_cross
D:3:      layout_loops_ring, nicolae_wormholes, uniq_crazy_yiuf_cottage,
          uniq_sigmund
D:4:      layout_basic, nemelex_dance_club_becter
D:5:      cheibrodos_helix_gallery, layout_loops_ring, lemuel_tele_altar,
          general_overflow_altar, nicolae_vehumet_altar_sigil,
          gammafunk_temple_overflow_pools, uniq_blork_the_orc
D:6:      layout_loops_corners

Notes
Turn   | Place    | Note
-------+----------+-------------------------------------------
     0 | D:1      | xzight the Troll Fighter began the quest for the Orb.
     0 | D:1      | Reached XP level 1. HP: 22/22 MP: 0/0
   180 | D:1      | Reached XP level 2. HP: 29/29 MP: 1/1
   958 | D:2      | Reached XP level 3. HP: 33/36 MP: 2/2
  1108 | D:2      | Reached skill level 3 in Shields
  1110 | D:2      | Reached skill level 1 in Throwing
  1371 | D:2      | Reached skill level 3 in Unarmed Combat
  1597 | D:3      | Reached XP level 4. HP: 41/44 MP: 3/3
  1654 | D:3      | Reached skill level 3 in Fighting
  1727 | D:3      | Noticed Sigmund
  1728 | D:3      | Killed Sigmund
  1729 | D:3      | Reached skill level 2 in Throwing
  1729 | D:3      | Reached skill level 4 in Unarmed Combat
  1729 | D:3      | Reached XP level 5. HP: 53/53 MP: 4/4
  1729 | D:3      | Reached XP level 6. HP: 61/61 MP: 5/5
  1816 | D:3      | Identified the +2 ring mail of Action {rElec rF+ Str+4}
  2056 | D:3      | Found a runed translucent door.
  2057 | D:3      | Noticed Crazy Yiuf
  2630 | D:4      | Found a sparkling altar of Nemelex Xobeh.
  2785 | D:4      | Reached skill level 4 in Shields
  2785 | D:4      | Reached skill level 5 in Unarmed Combat
  2785 | D:4      | Reached XP level 7. HP: 66/68 MP: 6/6
  2979 | D:5      | Entered Level 5 of the Dungeon
  3100 | D:5      | Reached skill level 3 in Throwing
  3208 | D:5      | Found a shimmering blue altar of Sif Muna.
  3243 | D:5      | Found an ornate altar of the Wu Jian Council.
  3276 | D:5      | Reached skill level 4 in Fighting
  3284 | D:5      | Noticed Blork the orc
  3288 | D:5      | Killed Blork the orc
  3328 | D:5      | Reached skill level 6 in Unarmed Combat
  3382 | D:5      | Reached XP level 8. HP: 78/78 MP: 7/7
  3495 | D:5      | Found a radiant altar of Vehumet.
  3727 | D:5      | Found a white marble altar of Elyvilon.
  3728 | D:5      | Found a snail-covered altar of Cheibriados.
  4109 | D:6      | Reached skill level 4 in Throwing
  4109 | D:6      | Reached skill level 5 in Shields
  4237 | D:6      | Reached skill level 7 in Unarmed Combat
  4277 | D:6      | HP: 6/79 [killer bee (5)]
  4282 | D:6      | HP: 4/79 [killer bee (8)]
  4283 | D:6      | HP: 1/79 [poisoned by a killer bee]
  4285 | D:6      | Slain by a killer bee

Vanquished Creatures
  Sigmund (D:3)
  2 black bears
  A centaur (D:6)
  2 phantoms
  A kobold brigand (D:5)
  A necrophage (D:6)
  Blork the orc (D:5)
  A scorpion (D:5)
  3 killer bees (D:6)
  3 jellies
  4 hounds
  2 orc priests
  2 iguanas (D:5)
  5 orc wizards
  5 adders
  7 worms
  2 dart slugs
  15 orcs
  6 ball pythons
  7 bats
  10 endoplasms
  4 giant cockroaches
  10 goblins
  6 hobgoblins
  2 jackals (D:3)
  5 quokkas
  3 frilled lizards
  18 kobolds
  5 rats
134 creatures vanquished.

Table legend: (Time is in decaauts)
 A = Elapsed time spent in this place.
 B = Non-inter-level travel time spent in this place.
 C = Inter-level travel time spent in this place.
 D = Time resting spent in this place.
 E = Time spent auto-exploring this place.
 F = Levels seen in this place.
 G = Mean time per level.
                   A        B        C        D        E       F      G
               +--------+--------+--------+--------+--------+-----+--------+
         Total |   4315 |   4189 |    126 |     92 |   3136 |   6 |  719.2 |
       Dungeon |   4315 |   4189 |    126 |     92 |   3136 |   6 |  719.2 |
               +--------+--------+--------+--------+--------+-----+--------+

Top non-repeatable levels by time:
     D:1: 950 daAuts
     D:5: 843 daAuts
     D:3: 817 daAuts
     D:2: 649 daAuts
     D:4: 608 daAuts
     D:6: 445 daAuts

Table legend:
 A = Non-vault XP
 B = Vault XP
 C = Vault XP percentage of total XP
 D = Non-vault monster count
 E = Vault monster count
 F = Vault count percentage of total count
                 A         B        C        D         E       F
            +---------+---------+-------+---------+---------+-------
      Total |    1857 |     372 |  16.7 |     124 |      10 |   7.5
            +---------+---------+-------+---------+---------+-------
        D:1 |      38 |       0 |   0.0 |      26 |       0 |   0.0
        D:2 |      46 |       0 |   0.0 |      21 |       0 |   0.0
        D:3 |     112 |     226 |  66.9 |      21 |       4 |  16.0
        D:4 |     356 |      10 |   2.7 |      21 |       3 |  12.5
        D:5 |     845 |     136 |  13.9 |      27 |       3 |  10.0
        D:6 |     460 |       0 |   0.0 |       8 |       0 |   0.0
            +---------+---------+-------+---------+---------+-------
